 Dungeon Crawl Stone Soup version 0.31-a0-188-g5e087ee2ca (webtiles) character file.

Game seed: 13387893728998136394

497 qw the Skirmisher (level 6, -3/35 HPs)
             Began as a Deep Elf Hunter on June 23, 2023.
             Slain by a black bear (6 damage)
             ... on level 5 of the Dungeon.
             The game lasted 00:00:59 (2711 turns).

qw the Skirmisher (Deep Elf Hunter)                 Turns: 2711, Time: 00:01:00

Health: -3/35      AC:  9    Str: 10    XL:     6   Next: 93%
Magic:  8/8        EV: 11    Int: 14    God:
Gold:   101        SH:  0    Dex: 18    Spells: 5/5 levels left

rFire   . . .        Y - +0 shortbow
rCold   . . .        (shield currently unavailable)
rNeg    . . .        c - +0 ring mail
rPois   .            (no helmet)
rElec   .            (no cloak)
rCorr   .            d - +2 pair of gloves
SInv    .            f - +0 pair of boots
Will    .....        (no amulet)
Stlth   +            (no ring)
HPRegen 0.25/turn    (no ring)
MPRegen 0.11/turn

%: no passive effects
@: no status effects
A: no striking features
a: no special abilities


You were on level 5 of the Dungeon.
You visited 1 branch of the dungeon, and saw 6 of its levels.

You collected 127 gold pieces.
You spent 26 gold pieces at shops.


   Skills:
 - Level 2.3 Fighting
 + Level 10.1 Ranged Weapons
 - Level 1.0 Armour
 - Level 3.1 Dodging
 - Level 1.2 Stealth


You had 5 spell levels left.
You didn't know any spells.
Your spell library was empty.

Inventory:

Hand Weapons
 Y - a +0 shortbow (weapon)
Armour
 c - a +0 ring mail (worn)
 d - a +2 pair of gloves (worn)
 f - a +0 pair of boots (worn)
Scrolls
 a - a scroll of identify
Potions
 b - a potion of degeneration {unknown}
 e - a potion of curing
 g - a potion of enlightenment {unknown}
 h - a potion of attraction {unknown}

Dungeon Overview and Level Annotations

Branches:
Dungeon (6/15)
 Temple: D:4-7

Altars:
Cheibriados
Qazlal

Shops:
D:1 *   D:6 *


Message History

You shoot an arrow. The arrow hits the black bear!
The black bear is heavily wounded.
The black bear bites you but does no damage.
The black bear claws you but does no damage.
The black bear closely misses you.
You shoot an arrow.
The arrow completely misses the black bear.
The black bear bites you but does no damage.
The black bear claws you but does no damage.
The black bear claws you.
You shoot an arrow.
The arrow hits the black bear but does no damage.
The black bear is heavily wounded.
The black bear bites you. The black bear closely misses you.
The black bear claws you but does no damage.
You shoot an arrow. The arrow hits the black bear.
The black bear is severely wounded.
The black bear bites you. The black bear barely misses you.
The black bear claws you but does no damage.
You shoot an arrow.
The arrow hits the black bear but does no damage.
The black bear is severely wounded.
The black bear bites you but does no damage.
The black bear barely misses you. The black bear closely misses you.
You shoot an arrow. The arrow hits the black bear.
The black bear is severely wounded.
The black bear bites you but does no damage.
The black bear claws you but does no damage. x2
You shoot an arrow. The arrow hits the black bear.
The black bear is severely wounded.
The black bear closely misses you. x2
The black bear claws you but does no damage.
You shoot an arrow. The arrow barely misses the black bear.
The black bear goes berserk!
You shoot an arrow.
The arrow hits the black bear but does no damage.
The black bear is severely wounded.
The black bear bites you. The black bear claws you.
The black bear completely misses you. The black bear bites you.
You die...

# ... #
#..#####.$#
#...@)...#
#.##h###.#
#.# #.. ...
###. #


You could see a black bear (berserk).

Vanquished Creatures
  Sigmund (D:3)
  A kobold brigand (D:6)
  A scorpion (D:3)
  2 orc priests
  Terence (D:2)
  An orc wizard (D:4)
  2 adders
  2 worms
  3 dart slugs
  7 orcs
  4 endoplasms
  3 giant cockroaches
  7 goblins
  2 hobgoblins (D:1)
  4 jackals (D:3)
  2 quokkas (D:2)
  6 ball pythons
  6 bats
  3 frilled lizards (D:2)
  8 kobolds
  6 rats
72 creatures vanquished.

Notes
Turn   | Place    | Note
-------+----------+-------------------------------------------
     0 | D:1      | qw the Deep Elf Hunter began the quest for the Orb.
     0 | D:1      | Reached XP level 1. HP: 12/12 MP: 3/3
     0 | D:1      | 0 ||| qw: Version: 0.3-a-9-g12657ce
     0 | D:1      | 0 ||| qw: Game counter: 3922
     0 | D:1      | 0 ||| qw: Always use a shield: true
     0 | D:1      | 0 ||| qw: God list: Okawaru
     0 | D:1      | 0 ||| qw: Allow faded altars: false
     0 | D:1      | 0 ||| qw: Do Orc after D:15 true
     0 | D:1      | 0 ||| qw: Do second Lair branch before Depths: true
     0 | D:1      | 0 ||| qw: Lair rune preference: random
     0 | D:1      | 0 ||| qw: Plans: Normal
     0 | D:1      | 0 ||| PLANNING D:1-11
    86 | D:1      | Reached XP level 2. HP: 16/16 MP: 4/4
    92 | D:1      | Reached skill level 6 in Ranged Weapons
   311 | D:1      | Found a faded altar of an unknown god.
   589 | D:1      | Found Upeag's Assorted Antiques.
   592 | D:1      | 592 ||| SHOPLISTING faintly humming quicksilver dragon
                  | scales (1885 gold, have 48).
   592 | D:1      | 592 ||| BUYING glowing coppery potion (26 gold).
   592 | D:1      | Bought a glowing coppery potion for 26 gold pieces
   592 | D:1      | 592 ||| SHOPLISTING glowing malachite amulet (145 gold,
                  | have 22).
   592 | D:1      | 592 ||| SHOPLISTING scroll labelled VIQIUMEMUF (29 gold,
                  | have 22).
   592 | D:1      | 592 ||| SHOPLISTING scroll labelled YCZAED NUAC (29 gold,
                  | have 22).
   592 | D:1      | 592 ||| SHOPLISTING smoky brown potion (26 gold, have 22).
   636 | D:1      | 636 ||| UPGRADING to +2 pair of gloves.
   641 | D:1      | 641 ||| UPGRADING to +0 pair of boots.
   646 | D:1      | 646 ||| UPGRADING to +0 scale mail.
   656 | D:1      | 656 ||| DROPPING +0 leather armour.
   657 | D:1      | 657 ||| DROPPING ring of magical power.
   658 | D:1      | 658 ||| READING 3 scrolls labelled FAYSI LAESTIS.
   659 | D:1      | 659 ||| DRINKING 3 yellow potions.
   660 | D:1      | 660 ||| READING 2 scrolls of identify.
   660 | D:1      | 660 ||| IDENTIFYING glowing coppery potion
   661 | D:1      | 661 ||| DROPPING scroll of butterflies.
   684 | D:2      | Reached XP level 3. HP: 20/20 MP: 5/5
   893 | D:2      | Noticed Terence
   906 | D:2      | HP: 4/20 [Terence/+0 short sword (6)]
   907 | D:2      | 907 ||| DRINKING potion of heal wounds.
   908 | D:2      | Killed Terence
   909 | D:2      | Reached skill level 7 in Ranged Weapons
  1200 | D:2      | Reached XP level 4. HP: 25/25 MP: 6/6
  1580 | D:2      | 1580 ||| UPGRADING to +0 ring mail.
  1590 | D:2      | 1590 ||| DROPPING +0 scale mail.
  1591 | D:2      | 1591 ||| READING scroll labelled YCZAED NUAC.
  1592 | D:2      | 1592 ||| READING scroll labelled QOJUAZX CAUJO.
  1593 | D:2      | 1593 ||| READING scroll labelled REUSEL IQOASCHOMA.
  1594 | D:2      | 1594 ||| READING scroll labelled POHOQO EKHLO.
  1795 | D:3      | Found a stormy altar of Qazlal.
  2057 | D:3      | Noticed Sigmund
  2060 | D:3      | 2060 ||| DRINKING 2 potions of curing.
  2060 | D:3      | 2060 ||| (to cure confusion)
  2066 | D:3      | Killed Sigmund
  2067 | D:3      | Reached skill level 9 in Ranged Weapons
  2067 | D:3      | Reached XP level 5. HP: 29/29 MP: 7/7
  2284 | D:4      | 2284 ||| STAIRDANCE
  2288 | D:3      | HP: 6/29 [scorpion (4)]
  2289 | D:3      | 2289 ||| DRINKING 3 potions of heal wounds.
  2292 | D:3      | Reached XP level 6. HP: 19/35 MP: 8/8
  2399 | D:4      | 2399 ||| STAIRDANCE
  2407 | D:3      | Reached skill level 1 in Armour
  2469 | D:4      | 2469 ||| STAIRDANCE
  2523 | D:4      | You fall into a shaft and drop 2 floors!
  2525 | D:6      | Found a snail-covered altar of Cheibriados.
  2612 | D:6      | HP: 7/35 [poisoned by a kobold brigand (curare-tipped
                  | dart)]
  2613 | D:6      | 2613 ||| DRINKING 2 potions of heal wounds.
  2618 | D:6      | HP: 8/35 [kobold brigand/+0 short sword (6)]
  2619 | D:6      | 2619 ||| DRINKING potion of heal wounds.
  2624 | D:6      | Reached skill level 10 in Ranged Weapons
  2678 | D:6      | Found Voovvuh's General Store.
  2690 | D:5      | Entered Level 5 of the Dungeon
  2698 | D:5      | Reached skill level 3 in Dodging
  2711 | D:5      | HP: 3/35 [black bear (6)]
  2711 | D:5      | Slain by a black bear

Levels and vault maps discovered:
D:1:      amcnicky_arrival_feature_with_door, layout_basic,
          ebering_ecumenical_altar_abandoned, serial_shops,
          nicolae_shop_real_fake_doors
D:2:      layout_loops_corners, uniq_terence
D:3:      layout_loops_ring, lemuel_round_altar, uniq_sigmund
D:4:      layout_basic, nemelex_altar_shiori, uniq_grinder, uniq_pikel
D:5:      layout_loops_corners, minmay_between, uniq_crazy_yiuf_cottage,
          uniq_menkaure
D:6:      layout_rooms, cheibrodos_worm_habitat, serial_shops, shop,
          serial_aquarium, aquarium_bridge_island_small
          [aquarium_subvault_small_open, aquarium_subvault_bridge,
          aquarium_subvault_balcony, aquarium_subvault_window,
          aquarium_subvault_window], aquarium_bridge_straight
          [aquarium_subvault_bridge, aquarium_subvault_wall,
          aquarium_subvault_bridge, aquarium_subvault_wall],
          aquarium_window_fake, aquarium_window_1, aquarium_view_2d,
          aquarium_balcony_3a, aquarium_pool_corner

Skill      XL: |  1  2  3  4  5  6 |
---------------+-------------------+-----
Ranged Weapons | 6 7 9 10 | 10.1
Fighting       | 2 |  2.3
Armour         | 1 |  1.0
Dodging        | 3 |  3.1
Stealth        | |  1.2

Action                     |  1- 3 |  4- 6 || total
---------------------------+-------+-------++-------
   Fire: Shortbow          |    91 |   145 ||   236
    Use: Scroll            |     2 |     4 ||     6
         Potion            |     2 |     4 ||     6
 Armour: Leather armour    |     2 |       ||     2
         Scale mail        |     5 |    10 ||    15
         Ring mail         |       |    46 ||    46
  Dodge: Dodged            |    16 |    62 ||    78

Table legend:
 A = Non-vault XP
 B = Vault XP
 C = Vault XP percentage of total XP
 D = Non-vault monster count
 E = Vault monster count
 F = Vault count percentage of total count
                 A         B        C        D         E       F
            +---------+---------+-------+---------+---------+-------
      Total |     444 |     267 |  37.6 |      69 |       3 |   4.2
            +---------+---------+-------+---------+---------+-------
        D:1 |      39 |       0 |   0.0 |      21 |       0 |   0.0
        D:2 |      29 |      36 |  55.4 |      20 |       1 |   4.8
        D:3 |     164 |     226 |  57.9 |      15 |       1 |   6.2
        D:4 |      50 |       0 |   0.0 |       6 |       0 |   0.0
        D:5 |      47 |       0 |   0.0 |       3 |       0 |   0.0
        D:6 |     115 |       5 |   4.2 |       4 |       1 |  20.0
            +---------+---------+-------+---------+---------+-------
